 Dungeon Crawl Stone Soup version 0.24-a0-373-g39439d866b (webtiles) character file.

Game seed: 3370065210139488617

5679 Azzok the Martial Artist (level 10, -3/69 HPs)
             Began as an Octopode Transmuter on May 30, 2019.
             Was a Follower of Ashenzari.
             Slain by Snorg (26 damage)
             ... on level 10 of the Dungeon.
             The game lasted 00:21:25 (13343 turns).

Azzok the Martial Artist (Octopode Transmuter)     Turns: 13343, Time: 00:21:26

Health: -3/69      AC:  7    Str: 15    XL:     10   Next: 75%
Magic:  11/15      EV: 14    Int: 18    God:    Ashenzari [*.....]
Gold:   296        SH:  4    Dex: 21    Spells: 5/15 levels left

rFire    x . .     SeeInvis .     - Unarmed
rCold    + + +     Gourm    .   (shield currently unavailable)
rNeg     . . .     Faith    .   (helmet currently unavailable)
rPois    +         Spirit   .   b - +4 amulet of reflection
rElec    .         Reflect  +   p - +5 ring of dexterity
rCorr    +         Harm     .   y - +5 ring of strength
MR       .....                  E - ring of resist corrosion
Stlth    ++........             F - +3 ring of dexterity
HPRegen  0.21/turn              (no ring)
MPRegen  0.14/turn              (no ring)
                                (no ring)
                                (no ring)

@: ice-form
A: large, almost no armour, stealthy swim, amphibious, 8 rings, (constrict 8)
a: End Transformation, Curse Item, Scrying, Renounce Religion


You were on level 10 of the Dungeon.
You worshipped Ashenzari.
Ashenzari was aware of your devotion.
You were not hungry.
You were a creature of crystalline ice.
You visited 2 branches of the dungeon, and saw 11 of its levels.

You collected 366 gold pieces.
You spent 70 gold pieces at shops.

Inventory:

Hand Weapons
 r - the +8 dagger of Invincibility (melded) {pain, rC+ Int+4}
   (You found it on level 5 of the Dungeon)

   In the hands of one skilled in necromantic magic, it inflicts extra damage on
   living creatures.
   It affects your intelligence (+4).
   It protects you from cold.
Missiles
 a - 223 arrows
Armour
 u - a +2 buckler (melded)
Jewellery
 b - a +4 amulet of reflection (around neck)
 p - a +5 ring of dexterity (left front paw)
 x - an uncursed amulet of magic regeneration
 y - a +5 ring of strength (right front paw)
 E - a ring of resist corrosion (on tentacle)
 F - a +3 ring of dexterity (on tentacle)
 K - an uncursed ring of magical power
Wands
 i - a wand of acid (12)
 G - a wand of iceblast (9)
 I - a wand of flame (43)
 J - a wand of random effects (28)
Scrolls
 d - 3 scrolls of remove curse
 e - 6 scrolls of teleportation
 h - a scroll of amnesia
 k - 2 scrolls of magic mapping
 l - a scroll of fear {unknown}
 n - a scroll of enchant armour
 q - a scroll of fog
 s - 2 scrolls of blinking {unknown}
 z - a scroll of noise {unknown}
 B - 2 scrolls of torment {unknown}
 D - 5 scrolls of identify
 L - a scroll of immolation {unknown}
Potions
 c - a potion of heal wounds
 f - 2 potions of haste
 g - 4 potions of might
 j - a potion of resistance
 m - 2 potions of flight
 o - a potion of cancellation
 v - a potion of brilliance
 w - a potion of invisibility
 A - a potion of mutation {unknown}
 C - a potion of degeneration {unknown}
 H - a potion of curing {unknown}
Comestibles
 t - 5 rations
 M - 13 chunks of flesh


   Skills:
 - Level 1.0 Fighting
 + Level 5.3 Dodging
 - Level 4.0 Shields
 + Level 9.9 Unarmed Combat
 + Level 3.3 Spellcasting
 + Level 9.5 Transmutations
 - Level 4.1 Ice Magic
 - Level 1.2 Evocations


You had 5 spell levels left.
You knew the following spells:

 Your Spells              Type           Power        Failure   Level  Hunger
a - Ice Form              Ice/Tmut       ####....     10%         4    ####...
b - Sticks to Snakes      Tmut           #####...     1%          2    ##.....
c - Spider Form           Tmut/Pois      ###.......   7%          3    ###....
l - Beastly Appendage     Tmut           #####.       1%          1    None

Your spell library contained the following spells:

 Spells                   Type           Power        Failure   Level  Hunger
 Blade Hands              Tmut           #####.....   9%          5    ######.
 Animate Skeleton         Necr           N/A          16%         1    None
 Apportation              Tloc           #.....       16%         1    None
 Confusing Touch          Hex            #.....       16%         1    None
 Summon Small Mammal      Summ           #...         16%         1    None


Dungeon Overview and Level Annotations

Branches:
Dungeon (10/15)            Temple (1/1) D:7            Lair (0/6) D:9
    Orc (0/2) D:9

Altars:
Ashenzari
Cheibriados
Dithmenos
Elyvilon
Fedhas
Gozag
Hepliaklqana
Kikubaaqudgha
Makhleb
Nemelex Xobeh
Okawaru
Qazlal
Ru
Sif Muna
Trog
Uskayaw
Vehumet
Wu Jian
Xom
Yredelemnul
Zin
The Shining One

Shops:
D:4 ?

Annotations:
D:6 1 runed translucent door, mhoghedin's ghost, novice DsCK
D:10 Snorg


Innate Abilities, Weirdness & Mutations

You cannot wear most types of armour.
You are very stealthy in the water. (Stealth+)
You are amphibious.
You can wear up to eight rings at the same time.
((You can use your tentacles to constrict eight enemies at once.))
((Your skin changes colour to match your surroundings (Stealth+).))
((Your rubbery body absorbs attacks. (AC +1, EV +1)))


Message History

Press: ? - help, Shift-Dir - straight line, f/p - Snorg
Aim: Snorg (lightly wounded, berserk, fast, unusually strong, covered in acid)
The mass of ice explodes!
The iceblast engulfs Snorg!!
Snorg is moderately wounded.
Snorg misses you. Snorg claws you! Snorg misses you.
Evoke which item? (* to show all) (? for menu, Esc to quit)
Aiming: Corrosive Bolt
Press: ? - help, Shift-Dir - straight line, f/p - Snorg
Aim: Snorg (moderately wounded, berserk, fast, unusually strong, covered in acid)
The bolt of acid hits Snorg!
Snorg is splashed with acid.
Snorg seems to be corroded for longer.
Snorg is moderately wounded.
Snorg bites you! Snorg claws you. Snorg closely misses you.
Evoke which item? (* to show all) (? for menu, Esc to quit)
Aiming: Corrosive Bolt
Press: ? - help, Shift-Dir - straight line, f/p - Snorg
Aim: Snorg (moderately wounded, berserk, fast, unusually strong, covered in acid)
The bolt of acid misses Snorg.
Snorg bites you! Snorg misses you. You block Snorg's attack. Snorg bites you!!
You die...

········▒▒▒··▒▒▒····▒
······▒··········▒··▒
······▒··········▒··▒
········▒▒▒··▒▒▒····▒
·······▒ ▒· ▒▒··▒▒
··▒▒▒·▒ ▒▒·· ▒▒·▒ ··▒
···· ▒▒·▒ ··▒
··▒▒··▒▒··▒ ·▒▒
······TY··▒ ▒▒
▒▒▒▒▒▒▒▒▒▒▒ ▒


You could see Snorg (berserk).

Vanquished Creatures
  Pikel (D:7)
  Prince Ribbit (D:7)
  A hippogriff (D:9)
  A yak (D:9)
  A spriggan (D:7)
  A hungry ghost (D:8)
  Eustachio (D:5)
  2 sky beasts
  2 slaves (D:7)
  2 black bears
  4 orc warriors
  2 phantoms
  2 ice beasts
  4 ogres
  4 centaurs
  2 crocodiles (D:9)
  4 bullfrogs
  A water moccasin zombie (D:3)
  A wyvern skeleton (D:8)
  A wyvern zombie (D:9)
  5 killer bees (D:7)
  9 wights
  6 howler monkeys
  5 crimson imps
  2 jellies
  A bullfrog zombie (D:10)
  4 orc priests
  6 hounds
  A bullfrog skeleton (D:4)
  A centaur skeleton (D:9)
  Crazy Yiuf (D:7)
  Jessica (D:3)
  Ijyb (D:3)
  5 orc wizards
  An iguana (D:7)
  7 worker ants
  A hound skeleton (D:7)
  7 adders
  2 shadow imps
  2 adder skeletons
  2 adder zombies
  2 worms
  2 dart slugs
  4 leopard geckos
  27 orcs
  7 bats
  10 giant cockroaches
  8 hobgoblins
  2 jackals (D:4)
  7 kobolds
  2 quokkas
  A ball python (D:4)
  6 frilled lizards
  A giant cockroach zombie (D:5)
  11 goblins
  A jackal zombie (D:7)
  3 rats
202 creatures vanquished.

Vanquished Creatures (others)
  2 slaves (D:7)
  A worker ant zombie (D:7)
3 creatures vanquished.

Grand Total: 205 creatures vanquished

Notes
Turn   | Place    | Note
-------+----------+-------------------------------------------
     0 | D:1      | Azzok the Octopode Transmuter began the quest for the Orb.
     0 | D:1      | Reached XP level 1. HP: 13/13 MP: 3/3
   212 | D:1      | Reached XP level 2. HP: 17/18 MP: 5/5
   919 | D:1      | Reached XP level 3. HP: 22/23 MP: 6/6
  1856 | D:3      | Noticed Ijyb
  1858 | D:3      | Reached XP level 4. HP: 28/28 MP: 7/7
  2209 | D:3      | Learned a level 3 spell: Spider Form
  2212 | D:3      | Learned a level 2 spell: Sticks to Snakes
  2830 | D:3      | Noticed Jessica
  2835 | D:3      | Killed Jessica
  2902 | D:3      | Reached XP level 5. HP: 16/33 MP: 2/8
  4032 | D:4      | Noticed a black bear
  4048 | D:4      | Killed a black bear
  4048 | D:4      | Reached XP level 6. HP: 12/38 MP: 4/9
  4076 | D:3      | Reached skill level 5 in Unarmed Combat
  4946 | D:4      | Found Ynweh's Magic Scroll Boutique.
  4954 | D:4      | Bought a scroll of random uselessness for 10 gold pieces
  4960 | D:4      | Bought a scroll of identify for 20 gold pieces
  4960 | D:4      | Bought a scroll of identify for 20 gold pieces
  4960 | D:4      | Bought a scroll of identify for 20 gold pieces
  5045 | D:4      | Reached XP level 7. HP: 30/43 MP: 10/10
  5521 | D:3      | Killed Ijyb
  5590 | D:5      | Entered Level 5 of the Dungeon
  5590 | D:5      | Found a blossoming altar of Fedhas.
  5613 | D:5      | Got an ancient dagger
  5614 | D:5      | Identified the +8 dagger of Invincibility {pain, rC+ Int+4}
                  | (You found it on level 5 of the Dungeon)
  5808 | D:5      | Reached skill level 1 in Evocations
  6524 | D:5      | Noticed Eustachio
  6688 | D:5      | Killed Eustachio
  6688 | D:5      | Reached skill level 1 in Shields
  6688 | D:5      | Reached skill level 5 in Transmutations
  6957 | D:6      | Reached XP level 8. HP: 32/48 MP: 11/11
  7540 | D:6      | Found a runed translucent door.
  7544 | D:6      | Noticed mhoghedin's ghost (novice DsCK)
  8446 | D:6      | Learned a level 4 spell: Ice Form
  8600 | D:7      | Reached XP level 9. HP: 43/53 MP: 6/12
  8602 | D:7      | Noticed Prince Ribbit
  8822 | D:7      | Killed Prince Ribbit
  8822 | D:7      | Reached skill level 1 in Ice Magic
  9389 | D:7      | Found a staircase to the Ecumenical Temple.
  9398 | Temple   | Entered the Ecumenical Temple
  9525 | Temple   | Became a worshipper of Ashenzari the Shackled
  9527 | Temple   | Identified the amulet of Moderation {Spirit rN++ Slay+2}
  9821 | D:7      | Noticed Pikel
  9834 | D:7      | Killed Pikel
 10130 | D:7      | Found a runed translucent door.
 10131 | D:7      | Noticed Crazy Yiuf
 10743 | D:7      | Killed Crazy Yiuf
 10743 | D:7      | Reached XP level 10. HP: 58/58 MP: 8/13
 10892 | D:8      | Found a stormy altar of Qazlal.
 11705 | D:9      | Found a shadowy altar of Dithmenos.
 11754 | D:9      | Found a staircase to the Orcish Mines.
 11871 | D:9      | Found a staircase to the Lair.
 12456 | D:9      | Reached skill level 5 in Dodging
 12752 | D:9      | Reached * piety under Ashenzari
 13117 | D:10     | Entered Level 10 of the Dungeon
 13338 | D:10     | Noticed Snorg
 13343 | D:10     | Slain by Snorg

Levels and vault maps discovered:
D:1:      nicolae_arrival_washed_ashore, layout_basic
D:2:      layout_basic
D:3:      layout_loops_cross, first_ration, uniq_ijyb, uniq_jessica
D:4:      layout_rooms, portal_sewer_entry_b, serial_shops, shop, sigmund_army
D:5:      layout_loops_corners, fedhas_altar_1, uniq_eustachio
D:6:      layout_loops_cross, ebering_ghost_reflecting_pool
D:7:      layout_loops_corners, minmay_temple_entry_waves, the_bakery,
          wad_rectangle_vault, uniq_pikel, uniq_crazy_yiuf_cottage,
          uniq_prince_ribbit1
D:8:      layout_basic, grunt_qazlal_clouds
D:9:      layout_gridville, grunt_dithmenos_smoke_and_mirrors,
          david_lair_generic, david_orc_3
D:10:     layout_rooms, palyth_stone_intersect, minmay_misc_feat_iff, uniq_snorg
Temple:   kilobyte_greek_temple

Skill      XL: |  1  2  3  4  5  6  7  8  9 10 |
---------------+-------------------------------+-----
Unarmed Combat | 4 5 6 7 8 9 |  9.9
Dodging        | 3 4 5 |  5.3
Transmutations | 3 4 5 6 8 9 |  9.5
Evocations     | 1 |  1.2
Shields        | 2 4 |  4.0
Ice Magic      | 4 |  4.1
Spellcasting   | 3 |  3.3
Fighting       | |  1.0

Action                   |  1- 3 |  4- 6 |  7- 9 | 10-12 || total
-------------------------+-------+-------+-------+-------++-------
Melee: Unarmed           |    72 |    58 |   161 |   148 ||   439
       Constrict         |    18 |    18 |    23 |     5 ||    64
       Tentacles         |     9 |     9 |    17 |     4 ||    39
       Kick              |     1 |       |       |       ||     1
       Dagger            |       |    51 |    70 |    15 ||   136
       Punch             |       |     2 |     2 |       ||     4
 Cast: Beastly Appendage |     1 |       |       |       ||     1
       Spider Form       |       |     6 |    14 |       ||    20
       Sticks to Snakes  |       |     2 |     3 |       ||     5
       Ice Form          |       |       |     5 |    19 ||    24
Evoke: Wand              |       |       |     3 |     4 ||     7
  Use: Scroll            |       |     9 |     5 |       ||    14
       Potion            |       |     3 |       |       ||     3
 Stab: Sleeping          |     4 |     3 |     7 |     3 ||    17
       Distracted        |       |     1 |       |       ||     1
  Eat: Chunk             |     3 |     4 |    13 |    11 ||    31
       Ration            |       |     2 |     2 |     1 ||     5
Armor: Skin              |    16 |     4 |    17 |    33 ||    70
Dodge: Dodged            |    59 |    94 |   147 |    77 ||   377
Block: Other             |       |     1 |    27 |    15 ||    43
       Buckler           |       |       |     6 |     6 ||    12
       Reflection        |       |       |     1 |       ||     1

Table legend:
 A = Non-vault XP
 B = Vault XP
 C = Vault XP percentage of total XP
 D = Non-vault monster count
 E = Vault monster count
 F = Vault count percentage of total count
                 A         B        C        D         E       F
            +---------+---------+-------+---------+---------+-------
      Total |    5574 |    2539 |  31.3 |     172 |      28 |  14.0
            +---------+---------+-------+---------+---------+-------
        D:1 |      43 |       0 |   0.0 |      26 |       0 |   0.0
        D:2 |      29 |       0 |   0.0 |       9 |       0 |   0.0
        D:3 |     246 |      73 |  22.9 |      19 |       2 |   9.5
        D:4 |     286 |      13 |   4.3 |      14 |       7 |  33.3
        D:5 |     199 |     176 |  46.9 |      15 |       1 |   6.2
        D:6 |     998 |       0 |   0.0 |      21 |       0 |   0.0
        D:7 |    1199 |    1411 |  54.1 |      21 |       8 |  27.6
        D:8 |    1203 |       0 |   0.0 |      19 |       0 |   0.0
        D:9 |     717 |     866 |  54.7 |      16 |      10 |  38.5
       D:10 |     654 |       0 |   0.0 |      12 |       0 |   0.0
            +---------+---------+-------+---------+---------+-------
